 Dungeon Sprint DCSS version 0.16-a0-3761-g2321f2b (console) character file.

963 Monkaria the Brawler (level 7, -1/72 HPs)
             Began as a Troll Fighter on Jan 24, 2015.
             Was a Believer of Jiyva.
             Slain by a centaur warrior (9 damage)
             ... in the Dungeon (Sprint I: "Red Sonja").
             The game lasted 00:01:43 (247 turns).

Monkaria the Brawler (Troll Fighter)                 Turns: 247, Time: 00:01:44

Health: -1/72      AC:  5    Str: 27    XL:     7   Next: 92%
Magic:  3/3        EV:  7    Int:  4    God:    Jiyva [**....]
Gold:   162        SH:  9    Dex:  9    Spells: 0 memorised, 6 levels left

rFire  . . .     SeeInvis .       - Unarmed
rCold  . . .     Clarity  .     b - +0 robe
rNeg   . . .     SustAb   .     c - +0 shield
rPois  .         Gourm    +     (helmet restricted)
rElec  .         Spirit   .     (no cloak)
rCorr  .         Warding  .     (gloves unavailable)
rMut   .         NoTele   +     (boots unavailable)
MR     .....                    (no amulet)
Stlth  +.........               (no ring)
                                (no ring)

@: not resistant to hostile enchantments, very unstealthy
A: unfitting armour, claws 3, fast metabolism 3, gourmand, regeneration 2,
shaggy fur 1, tough skin 2
a: Request Jelly, Jelly Paralyse, Renounce Religion


You were in the Dungeon.
You worshipped Jiyva.
Jiyva was pleased with you.
You were not hungry.

You visited 1 branch You collected 162 gold pieces.

Inventory:

Armour
 b - a +0 robe (worn)
 c - a +0 shield (worn)
Scrolls
 j - a scroll of blinking
 l - a scroll of magic mapping {unknown}
Potions
 d - a potion of curing
 e - a potion of might
 f - a potion of heal wounds
 g - a potion of haste
 h - 2 potions of magic
 i - a potion of berserk rage
Comestibles
 a - 2 meat rations
 k - a chunk of flesh


   Skills:
 - Level 5.6 Fighting
 - Level 2.4 Armour
 - Level 2.4 Shields
 + Level 15.4 Unarmed Combat


You had 6 spell levels left.
You didn't know any spells.

Dungeon Overview and Level Annotations

Branches:
Dungeon (1/1)

Altars:
Cheibriados
Dithmenos
Fedhas
Sif Muna
Vehumet
Jiyva


Innate Abilities, Weirdness & Mutations

You are too large for most types of armour.
You have claws for hands.
Your metabolism is lightning-fast.
You like to eat raw meat.
You heal very quickly.
You are covered in fur (AC +1).
You have very tough skin (AC +2).


Message History

The centaur warrior hits you!
The centaur warrior shoots an arrow.
The arrow hits you! The centaur warrior hits you!
* * * LOW HITPOINT WARNING * * *
You mangle the centaur warrior!!
The centaur warrior begins to bleed from its wounds!
The centaur warrior is heavily wounded.
You block the centaur warrior's attack.
You scratch the centaur warrior but do no damage.
The centaur warrior is severely wounded.
The centaur warrior unwields an uncursed shortbow.
The centaur warrior hits you but does no damage.
The centaur warrior hits you!
* * * LOW HITPOINT WARNING * * *
You mangle the centaur warrior!!
You kill the centaur warrior!
Your Unarmed Combat skill gained 4 levels and is now at level 15!
You have reached level 7!
The centaur warrior hits you but does no damage.
The centaur warrior hits you!
You die...

################
#..)..#..'..#__#
'[)#..'..#..'..+
#####'#####'#__####
# #..# #.####§§# #
#### ##.#≈§§@§# #
#...≈§§c§+ #
+..._#§§§§.# #
#_.#+##+#### ##+


You could see a centaur warrior.

Vanquished Creatures
  A centaur warrior (D)
  A slime creature (D)
  An ogre (D)
  Sigmund (D)
  Ijyb (D)
5 creatures vanquished.

Vanquished Creatures (others)
  5 jellies (D)
  2 giant spores (D)
7 creatures vanquished.

Grand Total: 12 creatures vanquished

Notes
Turn   | Place    | Note
--------------------------------------------------------------
     0 | D        | Monkaria, the Troll Fighter, began the quest for the Orb.
     0 | D        | Reached XP level 1. HP: 22/22 MP: 1/1
     2 | D        | Noticed Ijyb
    33 | D        | Killed Ijyb
    33 | D        | Reached skill level 5 in Unarmed Combat
    33 | D        | Reached XP level 2. HP: 29/29 MP: 1/1
    41 | D        | Noticed an ogre
    44 | D        | Killed an ogre
    44 | D        | Reached skill level 9 in Unarmed Combat
    44 | D        | Reached XP level 3. HP: 17/36 MP: 2/2
    44 | D        | Reached XP level 4. HP: 20/44 MP: 2/2
    88 | D        | Noticed Sigmund
   136 | D        | Killed Sigmund
   136 | D        | Reached skill level 5 in Fighting
   136 | D        | Reached XP level 5. HP: 51/58 MP: 2/2
   168 | D        | Found a snail-covered altar of Cheibriados.
   168 | D        | Found a shadowy altar of Dithmenos.
   168 | D        | Noticed a slime creature
   178 | D        | Killed a slime creature
   178 | D        | Reached skill level 11 in Unarmed Combat
   178 | D        | Reached XP level 6. HP: 31/66 MP: 3/3
   179 | D        | Found a viscous altar of Jiyva.
   179 | D        | Found a blossoming altar of Fedhas.
   183 | D        | Became a worshipper of Jiyva Jyipeash the Shapeless
   233 | D        | Acquired Jiyva's first power
   234 | D        | Found a deep blue altar of Sif Muna.
   234 | D        | Noticed a jelly
   234 | D        | Acquired Jiyva's second power
   236 | D        | Found a radiant altar of Vehumet.
   241 | D        | Noticed a centaur warrior
   242 | D        | Noticed a centaur warrior
   243 | D        | Killed a jelly
   247 | D        | Killed a centaur warrior
   247 | D        | Reached skill level 15 in Unarmed Combat
   247 | D        | Reached XP level 7. HP: 8/72 MP: 3/3
   247 | D        | Slain by a centaur warrior

Action                   |  1- 3 |  4- 6 |  7- 9 || total
-------------------------+-------+-------+-------++-------
Melee: Unarmed           |    33 |    15 |       ||    48
